 Dungeon Crawl Stone Soup version 0.30-a0-373-gd37427bb62 (webtiles) character file.

Game seed: 5862157765512242201

1 Raultor the Insei (level 1, 0/13 HPs)
             Began as an Octopode Transmuter on Nov 23, 2022.
             Slain by a kobold
             ... wielding a +0 whip
              (4 damage)
             ... on level 1 of the Dungeon.
             The game lasted 00:00:08 (28 turns).

Raultor the Insei (Octopode Transmuter)               Turns: 28, Time: 00:00:08

Health: 0/13       AC:  1    Str:  9    XL:     1   Next: 20%
Magic:  3/3        EV: 13    Int: 15    God:
Gold:   0          SH:  0    Dex: 12    Spells: 3/4 levels left

rFire   . . .      SeeInvis .      - Unarmed
rCold   . . .      Faith    .    (no shield)
rNeg    . . .      Spirit   .    (helmet restricted)
rPois   .          Reflect  .    (no amulet)
rElec   .          Harm     .    (no ring)
rCorr   .          Rampage  .    (no ring)
Will    .....                    (no ring)
Stlth   ++........               (no ring)
HPRegen 0.22/turn                (no ring)
MPRegen 0.08/turn                (no ring)
                                 (no ring)
                                 (no ring)

@: no status effects
A: almost no armour, amphibious, 8 rings, camouflage 1, gelatinous body 1,
(nimble swimmer 1), tentacles
a: no special abilities


You were on level 1 of the Dungeon.
You visited 1 branch of the dungeon, and saw 1 of its levels.


Innate Abilities, Weirdness & Mutations

You cannot wear most types of armour.
You are amphibious.
You can wear up to eight rings at the same time.
Your skin changes colour to match your surroundings (Stealth+).
Your rubbery body absorbs attacks. (AC +1, EV +1)
((You are camouflaged when in or above water. (Stealth+)))
You have tentacles for arms and can constrict up to eight enemies at once.


   Skills:
 - Level 1.0 Fighting
 - Level 2.0 Dodging
 - Level 3.0 Unarmed Combat
 - Level 2.0 Spellcasting
 + Level 2.1 Transmutations


You had 3 spell levels left.
You knew the following spells:

 Your Spells              Type           Power      Damage    Failure   Level
b - Beastly Appendage     Tmut           14%        N/A       10%         1

Your spell library contained the following spells:

 Spells                   Type           Power      Damage    Failure   Level
 Wereblood                Tmut           7%         N/A       14%         2
 Spider Form              Tmut/Pois      4%         N/A       41%         3
 Ice Form                 Ice/Tmut       4%         N/A       82%         4

Inventory:

Scrolls
 b - a scroll of noise {unknown}
Potions
 a - a potion of lignification

Dungeon Overview and Level Annotations

Branches:
Dungeon (1/15)

Altars:

#. #. .. ##.
..### #.g.
#.K# #.@#
#.#..######
#...†.....#
#..###.###.#
#..# ##.##.#
.... .##.#
##. .##.# .
###.# #.##


You could see a hobgoblin and a kobold.


Message History

A bat comes into view.
A bat is nearby!
A kobold comes into view. It is wielding a +0 whip.
The kobold shouts!
You hear a shout!
The kobold throws a stone.
The stone completely misses you.
You barely miss the bat. You grab the bat. You constrict the bat.
The bat misses you.
The bat struggles to escape constriction.
You barely miss the bat.
The bat is moderately wounded.
You constrict the bat.
The bat hits you. x2; The bat closely misses you.
You tentacle-slap the bat.
You kill the bat!
You see here a bat corpse.
A hobgoblin comes into view.
The hobgoblin shouts!
The kobold hits you with a +0 whip.
* * * LOW HITPOINT WARNING * * *
You miss the kobold. Your grab misses the kobold. You squeeze the kobold.
The kobold is severely wounded.
The kobold hits you with a +0 whip.
* * * LOW HITPOINT WARNING * * *
You barely miss the kobold. Your grab misses the kobold.
The kobold is severely wounded.
The kobold closely misses you.
You tentacle-slap the kobold but do no damage.
Your grab misses the kobold.
The kobold is severely wounded.
The kobold hits you with a +0 whip.
You die...

Action                   || total
-------------------------++-------
Melee: Unarmed           ||     6
       Constrict         ||     1
       Tentacles         ||     1
Dodge: Dodged            ||     4

Levels and vault maps discovered:
D:1:      nzn_arrival_crosshair, layout_loops_ring, serial_shops,
          nicolae_shop_waterfront, amcnicky_mini_corridor_feature

Notes
Turn   | Place    | Note
-------+----------+-------------------------------------------
     0 | D:1      | Raultor the Octopode Transmuter began the quest for the
                  | Orb.
     0 | D:1      | Reached XP level 1. HP: 13/13 MP: 3/3
    28 | D:1      | Slain by a kobold

Vanquished Creatures
  A bat (D:1)
1 creature vanquished.

Table legend: (Time is in decaauts)
 A = Elapsed time spent in this place.
 B = Non-inter-level travel time spent in this place.
 C = Inter-level travel time spent in this place.
 D = Time resting spent in this place.
 E = Time spent auto-exploring this place.
 F = Levels seen in this place.
 G = Mean time per level.
                   A        B        C        D        E       F      G
               +--------+--------+--------+--------+--------+-----+--------+
         Total |     27 |     27 |      0 |      0 |     15 |   1 |   27.0 |
       Dungeon |     27 |     27 |      0 |      0 |     15 |   1 |   27.0 |
               +--------+--------+--------+--------+--------+-----+--------+

Top non-repeatable levels by time:
     D:1: 27 daAuts

Table legend:
 A = Non-vault XP
 B = Vault XP
 C = Vault XP percentage of total XP
 D = Non-vault monster count
 E = Vault monster count
 F = Vault count percentage of total count
                 A         B        C        D         E       F
            +---------+---------+-------+---------+---------+-------
      Total |       2 |       0 |   0.0 |       1 |       0 |   0.0
            +---------+---------+-------+---------+---------+-------
        D:1 |       2 |       0 |   0.0 |       1 |       0 |   0.0
            +---------+---------+-------+---------+---------+-------
